 Dungeon Crawl Stone Soup version 0.21.1-1-g345015f (webtiles) character file.

1001 Hebeh the Covered (level 8, -1/73 HPs)
             Began as a Deep Dwarf Fighter on June 16, 2018.
             Slain by a centaur (5 damage)
             ... on level 5 of the Dungeon.
             The game lasted 00:23:35 (2413 turns).

Hebeh the Covered (Deep Dwarf Fighter)              Turns: 2413, Time: 00:23:36

Health: -1/73      AC:  8    Str: 21    XL:     8   Next: 0%
Magic:  8/8        EV:  7    Int: 10    God:
Gold:   306        SH: 10    Dex: 12    Spells: 7/7 levels left

rFire    . . .     SeeInvis .   k - +0 whip (elec)
rCold    . . .     Gourm    .   c - +0 shield
rNeg     + . .     Faith    .   b - +0 scale mail
rPois    .         Spirit   .   (no helmet)
rElec    .         Reflect  .   (no cloak)
rCorr    .         Harm     .   w - +0 pair of gloves
MR       +....                  (no boots)
Stlth    ..........             (no amulet)
HPRegen  0.00/turn              l - ring of flight
MPRegen  0.11/turn              e - ring of positive energy

@: non-regenerating
A: damage resistance, heal wounds, sense surroundings 1, no regeneration
a: Heal Wounds, Evoke Flight


You were on level 5 of the Dungeon.
You were hungry.

You visited 1 branch of the dungeon, and saw 5 of its levels.

You collected 306 gold pieces.

Inventory:

Hand Weapons
 a - a +0 war axe
 k - a +0 whip of electrocution (weapon)
 q - a +0 mace of holy wrath
 z - a +0 whip of flaming
Armour
 b - a +0 scale mail (worn)
 c - a +0 shield (worn)
 w - a +0 pair of gloves (worn)
Jewellery
 e - a ring of positive energy (right hand)
 l - a ring of flight (left hand)
Wands
 g - a wand of polymorph (8)
 F - a wand of random effects (19)
Scrolls
 i - 2 scrolls of remove curse
 j - 3 scrolls of identify
 m - 4 scrolls of teleportation
 r - a scroll of fear {unknown}
 s - a scroll of magic mapping {unknown}
 t - a scroll of enchant armour {unknown}
 E - a scroll of immolation {unknown}
Potions
 d - 2 potions of might
 h - a potion of cancellation {unknown}
 n - 3 potions of heal wounds
 o - 2 potions of flight
 p - 2 potions of curing
 u - a potion of ambrosia {unknown}
 A - 2 potions of lignification {unknown}
 B - a potion of berserk rage {unknown}
Books
 x - a book of Misfortune

   Spells                             Type                      Level
   a - Confusing Touch                Hexes                        1
   b - Confuse                        Hexes                        3
   c - Gell's Gravitas                Translocation                3
   d - Petrify                        Transmutation/Earth          4
   e - Metabolic Englaciation         Hexes/Ice                    5
   f - Yara's Violent Unravelling     Hexes/Transmutation          5
 G - a book of Air

   Spells                             Type                      Level
   a - Shock                          Conjuration/Air              1
   b - Swiftness                      Charms/Air                   2
   c - Static Discharge               Conjuration/Air              3
   d - Airstrike                      Air                          4
   e - Lightning Bolt                 Conjuration/Air              5
Comestibles
 f - 9 rations


   Skills:
 + Level 4.6 Fighting
 + Level 5.0(5.6) Axes
 + Level 3.3(4.4) Maces & Flails
 + Level 5.7 Armour
 + Level 5.7 Shields


You had 7 spell levels left.
You didn't know any spells.

Dungeon Overview and Level Annotations

Branches:
Dungeon (5/15)
 Temple: D:4-7

Altars:
Hepliaklqana
Xom

Shops:
D:5 *


Innate Abilities, Weirdness & Mutations

You are resistant to damage.
You can heal yourself by infusing magical energy.
You passively map a small area around you.
You do not regenerate.


Message History

The centaur shoots an arrow.
You block the arrow.
The centaur shoots an arrow.
The arrow hits you!
Found Zin's Purification Station.
You see here 2 arrows.
You are too injured to fight recklessly!
You are too injured to fight recklessly!
You are too injured to fight recklessly!
You are too injured to fight recklessly!
You are too injured to fight recklessly!
The centaur shoots an arrow.
The arrow hits you!
* * * LOW HITPOINT WARNING * * *
Found 19 gold pieces.
You see here an arrow.
The centaur shoots an arrow.
The arrow hits you but does no damage.
The centaur shoots an arrow.
The arrow hits you!
* * * LOW HITPOINT WARNING * * *
You see here an arrow.
The centaur unwields an uncursed shortbow.
The centaur hits you!
You die...

≈ , , * .## , ###. *
.... .... ≈ ,,.$..
....# ≈≈≈≈ * *..# *
....# ,, * P.. ##.#
..∩..# * *..
#..###.....# * *#.#
#...#.....# #.##
#...@c...# #..##
##..(....## ** *
#####...####..(......#*
*
...........'.(.......+
, *
####...####(........# ,
#..## ##[......## *
#.## ##.....## , #.#
##...## #.# ##+## ,


You could see a centaur.

Vanquished Creatures
  Pikel (D:4)
  The ghost of inc the Skirmisher, an amateur MfTm (D:5)
  Blork the orc (D:4)
  A howler monkey (D:5)
  A worker ant (D:4)
  A hound zombie (D:5)
  8 adders
  2 worms
  2 dart slugs (D:1)
  3 leopard geckos
  A ball python (D:1)
  6 bats
  5 giant cockroaches
  14 goblins
  8 hobgoblins
  4 jackals (D:4)
  4 quokkas
  9 frilled lizards
  6 kobolds
  9 rats
87 creatures vanquished.

Vanquished Creatures (others)
  Robin (D:4)
  A goblin (D:4)
2 creatures vanquished.

Grand Total: 89 creatures vanquished

Notes
Turn   | Place    | Note
-------+----------+-------------------------------------------
     0 | D:1      | Hebeh the Deep Dwarf Fighter began the quest for the Orb.
     0 | D:1      | Reached XP level 1. HP: 20/20 MP: 1/1
    97 | D:1      | Reached XP level 2. HP: 27/27 MP: 2/2
   275 | D:1      | Reached XP level 3. HP: 25/34 MP: 3/3
   532 | D:2      | Found a hazy altar of Hepliaklqana.
   533 | D:2      | Found a shimmering altar of Xom.
   534 | D:2      | Noticed a spectral ugly thing
   883 | D:2      | Reached XP level 4. HP: 23/42 MP: 4/4
  1367 | D:3      | Reached XP level 5. HP: 38/49 MP: 5/5
  1647 | D:4      | Noticed a slave
  1647 | D:4      | Noticed a slave
  1654 | D:4      | Noticed a slave
  1655 | D:4      | Noticed a slave
  1656 | D:4      | Noticed Pikel
  1690 | D:4      | Killed Pikel
  1690 | D:4      | Reached skill level 5 in Armour
  1690 | D:4      | Reached skill level 5 in Shields
  1690 | D:4      | Reached XP level 6. HP: 21/57 MP: 6/6
  1690 | D:4      | Reached XP level 7. HP: 23/64 MP: 7/7
  1856 | D:4      | Noticed Robin
  1856 | D:4      | Killed Robin
  1958 | D:4      | Noticed Blork the orc
  1966 | D:4      | Killed Blork the orc
  2283 | D:5      | Entered Level 5 of the Dungeon
  2323 | D:5      | Noticed inc's ghost (amateur MfTm)
  2350 | D:5      | Killed inc's ghost
  2350 | D:5      | Reached skill level 5 in Axes
  2409 | D:5      | Reached XP level 8. HP: 43/73 MP: 8/8
  2410 | D:5      | Found Zin's Purification Station.
  2413 | D:5      | Slain by a centaur

Skill      XL: |  1  2  3  4  5  6  7 |
---------------+----------------------+-----
Fighting       | 3 4 |  4.6
Axes           | 3 4 5 |  5.0
Armour         | 4 5 |  5.7
Shields        | 4 5 |  5.7
Maces & Flails | 2 3 |  3.3

Action                   |  1- 3 |  4- 6 |  7- 9 || total
-------------------------+-------+-------+-------++-------
Melee: War axe           |    38 |   129 |       ||   167
       Whip              |    90 |    18 |    73 ||   181
       Unarmed           |       |     9 |       ||     9
 Abil: Heal Wounds       |       |     5 |     3 ||     8
  Use: Scroll            |       |     3 |     5 ||     8
  Eat: Chunk             |       |     3 |     2 ||     5
Armor: Scale mail        |    53 |    81 |    17 ||   151
       Skin              |       |     4 |       ||     4
Dodge: Dodged            |    30 |    88 |     9 ||   127
Block: Shield            |    76 |   106 |    22 ||   204
